 Dungeon Crawl Stone Soup version 0.30-a0-137-gd8773701ce (webtiles) character file.

Game seed: 6481052780602210816

469 scionoferis the Cleaver (level 7, 0/62 HPs)
             Began as a Hill Orc Monk on Sept 22, 2022.
             Slain by a water moccasin (5 damage)
             ... on level 5 of the Dungeon on Sept 23, 2022.
             The game lasted 00:10:49 (5581 turns).

scionoferis the Cleaver (Hill Orc Monk)             Turns: 5581, Time: 00:10:49

Health: 0/62       AC: 10    Str: 16    XL:     7   Next: 9%
Magic:  7/7        EV:  7    Int: 10    God:
Gold:   280        SH:  0    Dex: 13    Spells: 6/6 levels left

rFire   . . .      SeeInvis .    a - +0 war axe
rCold   . . .      Faith    .    (no shield)
rNeg    . . .      Spirit   .    t - +0 chain mail
rPois   .          Reflect  .    (no helmet)
rElec   .          Harm     .    q - +0 cloak
rCorr   .          Rampage  .    (no gloves)
Will    .....                    (no boots)
Stlth   ..........               (no amulet)
HPRegen 0.20/turn                (no ring)
MPRegen 0.10/turn                (no ring)

@: lethally poisoned (0 -> -9)
A: no striking features
a: no special abilities


You were on level 5 of the Dungeon.
You visited 1 branch of the dungeon, and saw 5 of its levels.

You collected 280 gold pieces.

Inventory:

Hand Weapons
 a - a +0 war axe (weapon)
 g - a +2 short sword of protection
 i - a +0 dagger of speed
 n - a +0 flail
 u - a +0 hand axe
Missiles
 e - 18 poisoned darts (quivered)
 f - 5 datura-tipped darts
 x - 2 boomerangs
Armour
 p - an orb of wrath
 q - a +0 cloak (worn)
 t - a +0 chain mail (worn)
Jewellery
 z - an amulet of magic regeneration
Wands
 c - a wand of flame (8)
 s - a wand of roots (10)
Scrolls
 d - 2 scrolls of noise {unknown}
 h - 2 scrolls of amnesia {unknown}
 k - a scroll of immolation
 l - a scroll of poison
 r - 2 scrolls of teleportation
 v - a scroll of enchant armour {unknown}
 y - a scroll of fear {unknown}
Potions
 m - a potion of heal wounds
 o - a potion of brilliance {unknown}
 w - a potion of attraction {unknown}
 A - a potion of flight {unknown}


   Skills:
 + Level 5.7 Fighting
 * Level 8.1 Axes
 + Level 3.0 Armour
 - Level 2.4 Dodging
 - Level 1.5 Stealth


You had 6 spell levels left.
You didn't know any spells.
Your spell library contained the following spells:

 Spells                   Type           Power      Damage    Failure   Level
 Stone Arrow              Conj/Erth      0%         3d7       100%        3
 Animate Armour           Summ/Erth      0%         N/A       100%        4
 Lehudib's Crystal Spear  Conj/Erth      0%         10d2      100%        8


Dungeon Overview and Level Annotations

Branches:
Dungeon (5/15)
 Temple: D:4-7

Altars:
Sif Muna
Uskayaw


Message History

You feel sick. The water moccasin bites you!
* * * LOW HITPOINT WARNING * * *
You are more poisoned.
The water moccasin poisons you!
You barely miss the water moccasin. Your punch misses the water moccasin.
The water moccasin is heavily wounded.
* * * LOW HITPOINT WARNING * * *
You feel very sick. The water moccasin bites you.
* * * LOW HITPOINT WARNING * * *
The water moccasin bites you but does no damage.
It was a potion of heal wounds.
You feel much better.
You feel very sick. The water moccasin bites you.
You are more poisoned.
The water moccasin poisons you!
You miss the water moccasin.
The water moccasin is heavily wounded.
You feel extremely sick. The water moccasin bites you.
You hit the water moccasin but do no damage.
The water moccasin is heavily wounded.
* * * LOW HITPOINT WARNING * * *
You feel very sick. The water moccasin bites you.
* * * LOW HITPOINT WARNING * * *
The water moccasin bites you but does no damage.
You closely miss the water moccasin.
The water moccasin is heavily wounded.
* * * LOW HITPOINT WARNING * * *
You feel very sick. The water moccasin bites you.
* * * LOW HITPOINT WARNING * * *
Unknown command.
It was a potion of cancellation.
You feel magically purged.
* * * LOW HITPOINT WARNING * * *
You feel very sick.
The water moccasin bites you but does no damage.
The water moccasin bites you.
You die...

######
#...>#
#....#
#....## .
#.....# ...
####.<#.....
#@....>...
#.S)##......
#.... #.....
##.... .....
#.#... ###.
#. .... #.
..:.. ##
......


You could see a water moccasin.

Vanquished Creatures
  2 ogres (D:4)
  An orc priest (D:3)
  Jessica (D:3)
  Natasha (D:3)
  4 adders
  6 gnolls
  An ufetubus (D:4)
  A worm (D:3)
  2 dart slugs
  12 orcs
  8 ball pythons
  4 endoplasms
  7 giant cockroaches
  11 hobgoblins
  4 jackals
  8 kobolds
  7 quokkas
  7 bats
  5 frilled lizards (D:1)
  5 goblins
  12 rats
109 creatures vanquished.

Notes
Turn   | Place    | Note
-------+----------+-------------------------------------------
     0 | D:1      | scionoferis the Hill Orc Monk began the quest for the Orb.
     0 | D:1      | Reached XP level 1. HP: 19/19 MP: 1/1
   266 | D:1      | Reached XP level 2. HP: 25/27 MP: 2/2
   589 | D:1      | Reached skill level 5 in Axes
   758 | D:1      | Reached XP level 3. HP: 33/33 MP: 3/3
   800 | D:1      | Found a faded altar of an unknown god.
  1823 | D:2      | Reached XP level 4. HP: 41/41 MP: 4/4
  2141 | D:3      | HP: 2/41 [orc priest/divine providence (12)]
  2174 | D:3      | Reached skill level 6 in Axes
  2486 | D:3      | Noticed Jessica
  2509 | D:3      | Killed Jessica
  2510 | D:3      | Reached skill level 1 in Armour
  2510 | D:3      | Reached XP level 5. HP: 13/47 MP: 5/5
  2735 | D:3      | Found a shimmering blue altar of Sif Muna.
  3046 | D:3      | Noticed Natasha
  3066 | D:3      | Killed Natasha
  3578 | D:4      | Reached skill level 5 in Fighting
  3786 | D:4      | Noticed an ogre
  3797 | D:4      | Killed an ogre
  3798 | D:4      | Reached skill level 7 in Axes
  3798 | D:4      | Reached XP level 6. HP: 37/56 MP: 6/6
  4645 | D:4      | Reached skill level 8 in Axes
  4645 | D:4      | Reached XP level 7. HP: 27/61 MP: 7/7
  5204 | D:4      | Found a hide-covered altar of Uskayaw.
  5427 | D:5      | Entered Level 5 of the Dungeon
  5581 | D:5      | Slain by a water moccasin

Illustrated notes

Levels and vault maps discovered:
D:1:      shiori_arrival_maze, layout_basic, ebering_ecumenical_altar_webs,
          hex_medium, minivault_24
D:2:      layout_basic, minmay_unequal
D:3:      layout_basic, tgw_sif, kennysheep_generic_room_5, uniq_natasha
D:4:      layout_layer_cave, kennysheep_mini_moat, minmay_distorted
D:5:      layout_rooms, grunt_dithmenos_smoke, serial_shops, shop,
          cheibrodos_sewer_entry_drain, minmay_chambers_of_fives

Skill      XL: |  1  2  3  4  5  6  7 |
---------------+----------------------+-----
Fighting       | 4 5 |  5.7
Axes           | 5 6 7 8 |  8.1
Armour         | 1 2 3 |  3.0
Dodging        | |  2.4
Stealth        | |  1.5

Action                   |  1- 3 |  4- 6 |  7- 9 || total
-------------------------+-------+-------+-------++-------
Melee: Hand axe          |    38 |       |       ||    38
       Short sword       |   135 |    84 |       ||   219
       Punch             |     2 |       |       ||     2
       War axe           |       |   136 |    23 ||   159
Throw: Dart              |       |     5 |       ||     5
  Use: Potion            |       |     3 |     2 ||     5
       Scroll            |       |     3 |       ||     3
Armor: Robe              |    11 |       |       ||    11
       Scale mail        |    48 |    86 |     1 ||   135
       Chain mail        |       |       |     9 ||     9
Dodge: Dodged            |   111 |   103 |    11 ||   225

Table legend: (Time is in decaauts)
 A = Elapsed time spent in this place.
 B = Non-inter-level travel time spent in this place.
 C = Inter-level travel time spent in this place.
 D = Time resting spent in this place.
 E = Time spent auto-exploring this place.
 F = Levels seen in this place.
 G = Mean time per level.
                   A        B        C        D        E       F      G
               +--------+--------+--------+--------+--------+-----+--------+
         Total |   5607 |   5509 |     98 |    383 |   4129 |   5 | 1121.4 |
       Dungeon |   5607 |   5509 |     98 |    383 |   4129 |   5 | 1121.4 |
               +--------+--------+--------+--------+--------+-----+--------+

Top non-repeatable levels by time:
     D:4: 2099 daAuts
     D:1: 1364 daAuts
     D:3: 1138 daAuts
     D:2: 978 daAuts
     D:5: 26 daAuts
